 Dungeon Crawl Stone Soup version 0.30-a0-341-g682706514a (webtiles) character file.

Game seed: 6553620507909358103

1430 Ijustatesigmund the Firebug (level 8, -3/56 (58) HPs)
             Began as a Demonspawn Fire Elementalist on Nov 5, 2022.
             Slain by Maggie
             ... wielding a +2 scimitar of draining
              (16 damage)
             ... on level 6 of the Dungeon.
             The game lasted 00:15:24 (6438 turns).

Ijustatesigmund the Firebug (DsFE)                  Turns: 6438, Time: 00:15:25

HP:   -3/56 (58)    AC:  7    Str:  8    XL:     8   Next: 44%
MP:   8/15          EV: 17    Int: 18    God:
Gold: 268           SH:  0    Dex: 15    Spells: 13/16 levels left

rFire   . . .      SeeInvis .    i - +2 mace (protect)
rCold   . . .      Faith    .    (no shield)
rNeg    . . .      Spirit   .    a - +0 robe
rPois   .          Reflect  .    p - +0 helmet
rElec   .          Harm     .    o - +0 cloak
rCorr   .          Rampage  .    j - +1 pair of gloves
Will    .....                    (no boots)
Stlth   ++........               (no amulet)
HPRegen 0.29/turn                g - +4 ring of evasion
MPRegen 0.14/turn                (no ring)

@: lightly drained
A: ignite blood 1, sharp scales 1, weakness stinger 1
a: no special abilities


You were on level 6 of the Dungeon.
You visited 2 branches of the dungeon, and saw 7 of its levels.

You collected 268 gold pieces.

Inventory:

Hand Weapons
 i - a +2 mace of protection (weapon)
Armour
 a - a +0 robe (worn)
 e - a +0 hat
 j - a +1 pair of gloves (worn)
 o - a +0 cloak (worn)
 p - a +0 helmet (worn)
 s - a +0 kite shield
Magical Staves
 k - a staff of air
 n - a staff of death
Jewellery
 g - a +4 ring of evasion (left hand)
Wands
 r - a wand of iceblast (7)
 t - a wand of polymorph (11)
 y - a wand of paralysis (10)
Scrolls
 v - a scroll of teleportation
 w - a scroll of silence {unknown}
 x - a scroll of amnesia
 z - 3 scrolls of identify
Potions
 b - 2 potions of magic
 c - 2 potions of curing
 d - a potion of mutation
 f - a potion of haste
 h - a potion of attraction {unknown}
 l - 2 potions of resistance
 m - a potion of might
 q - a potion of lignification
 u - a potion of flight


   Skills:
 - Level 3.5 Fighting
 + Level 1.1 Maces & Flails
 - Level 3.0 Dodging
 - Level 1.7 Stealth
 + Level 4.9 Spellcasting
 + Level 4.9 Conjurations
 + Level 5.2 Fire Magic
 + Level 2.9 Evocations


You had 13 spell levels left.
You knew the following spells:

 Your Spells              Type           Power      Damage    Failure   Level
a - Foxfire               Conj/Fire      88%        2x1d8     1%          1
b - Scorch                Fire           46%        2d7       2%          2

Your spell library contained the following spells:

 Spells                   Type           Power      Damage    Failure   Level
 Freeze                   Ice            16%        1d4       14%         1
 Hailstorm                Conj/Ice       13%        3d5       14%         3
 Inner Flame              Hex/Fire       13%        N/A       14%         3
 Flame Wave               Conj/Fire      22%        2d8       16%         4
 Kindle Blastsparks       Fire/Tloc/Air  20%        2d11      21%         3
 Call Canine Familiar     Summ           4%         N/A       38%         3
 Frozen Ramparts          Ice            8%         1d2       38%         3
 Ozocubu's Armour         Ice            4%         N/A       38%         3
 Portal Projectile        Hex/Tloc       8%         N/A       38%         3
 Leda's Liquefaction      Hex/Erth       2%         N/A       80%         4
 Ozocubu's Refrigeration  Ice            2%         4d7       100%        7


Dungeon Overview and Level Annotations

Branches:
Dungeon (6/15)             Temple (1/1) D:4

Altars:
Dithmenos
Fedhas
Hepliaklqana
Kikubaaqudgha
Makhleb
Nemelex Xobeh
Okawaru
Ru
Sif Muna
Trog
Uskayaw
Vehumet
Wu Jian
Yredelemnul

Annotations:
D:6 Maggie


Innate Abilities, Weirdness & Mutations

Your demonic aura sometimes causes spilled blood to erupt in flames.
You are partially covered in razor-sharp scales. (AC +1, Slay +1)
You have a small tail.


Message History

Aiming: Iceblast
Press: ? - help, Shift-Dir - straight line, f/p - Maggie
Aim: Maggie, wielding a +2 scimitar of draining and wearing +0 steam dragon scales (lightly wounded, ally target)
The mass of ice explodes!
The iceblast engulfs Maggie!!
Maggie is heavily wounded.
The foxfire hits Maggie.
Maggie is heavily wounded.
Your foxfire dissipates!
Casting: Foxfire (safe; 1% risk of failure)
Confirm with . or Enter, or press ? or * to list all spells.
You conjure some foxfire!
The foxfire hits Maggie.
Maggie is heavily wounded.
Maggie mumbles some strange words.
Maggie attempts to bespell you! You resist with some effort.
Casting: Foxfire (safe; 1% risk of failure)
Confirm with . or Enter, or press ? or * to list all spells.
Flames lash Maggie.
Maggie is severely wounded.
Maggie's fire resistance burns away.
Casting: Scorch (safe; 2% risk of failure)
Confirm with . or Enter, or press ? or * to list all spells.
Flames lash Maggie but do no damage.
Maggie says, "How do the people who live here stand the isolation?"
Maggie barely misses you.
Maggie is no longer more vulnerable to fire.
Maggie casts a spell at you. The bolt of fire hits you!!
* * * LOW HITPOINT WARNING * * *
Casting: Scorch (safe; 2% risk of failure)
Confirm with . or Enter, or press ? or * to list all spells.
Flames lash Maggie.
Maggie is severely wounded.
Maggie's fire resistance burns away.
Maggie hits you with a +2 scimitar of draining.
* * * LOW HITPOINT WARNING * * *
You feel drained.
* * * LOW HITPOINT WARNING * * *
Maggie hits you with a +2 scimitar of draining!
You die...

##.#..#≈≈≈≈≈#.#.#
#.##.+######...#
#.#### ####<###
#...####.....#
###....#.###.#
####...# #.#
###..# #.# #....#
#.# #.#@## #.#
#.#@# #.# # #).
#..≈ ..#≈≈ ##....
###.. ###


You could see Maggie (combustible).

Vanquished Creatures
  Sigmund (D:4)
  Edmund (D:5)
  An acid dragon (D:6)
  A black bear (D:5)
  4 ogres
  A phantom (D:5)
  2 necrophages
  A gnoll bouda (D:4)
  2 hounds
  Crazy Yiuf (D:5)
  2 orc wizards
  2 iguanas
  4 gnolls
  5 adders
  A shadow imp (D:5)
  27 orcs
  9 bats
  5 endoplasms
  3 giant cockroaches
  10 goblins
  9 hobgoblins
  4 quokkas
  6 ball pythons
  3 kobolds
  A rat (D:3)
106 creatures vanquished.

Vanquished Creatures (others)
  275 foxfires
275 creatures vanquished.

Grand Total: 381 creatures vanquished

Notes
Turn   | Place    | Note
-------+----------+-------------------------------------------
     0 | D:1      | Ijustatesigmund the Demonspawn Fire Elementalist began the
                  | quest for the Orb.
     0 | D:1      | Reached XP level 1. HP: 13/13 MP: 3/3
   158 | D:1      | Gained mutation: You have a small tail. [demonic ancestry]
   158 | D:1      | Reached XP level 2. HP: 20/20 MP: 0/5
   820 | D:1      | Reached skill level 1 in Fighting
   834 | D:1      | Reached skill level 3 in Fire Magic
   989 | D:1      | Learned a level 2 spell: Scorch
  1086 | D:1      | Gained mutation: Your demonic aura sometimes causes spilled
                  | blood to erupt in flames. [demonic ancestry]
  1086 | D:1      | Reached XP level 3. HP: 26/26 MP: 2/6
  2296 | D:3      | Reached XP level 4. HP: 26/33 MP: 3/8
  2797 | D:4      | Noticed Sigmund
  2914 | D:4      | Killed Sigmund
  2915 | D:4      | Reached XP level 5. HP: 34/39 MP: 0/10
  2915 | D:4      | Gained mutation: You are partially covered in razor-sharp
                  | scales. (AC +1, Slay +1) [demonic ancestry]
  2915 | D:4      | Reached XP level 6. HP: 40/46 MP: 0/11
  3191 | D:3      | Reached skill level 4 in Fire Magic
  3691 | D:4      | Reached XP level 7. HP: 42/52 MP: 10/12
  3974 | D:4      | Found a shadowy altar of Dithmenos.
  4289 | D:4      | Found a staircase to the Ecumenical Temple.
  4490 | Temple   | Entered the Ecumenical Temple
  4559 | D:5      | Entered Level 5 of the Dungeon
  4686 | D:5      | Reached skill level 1 in Evocations
  5050 | D:5      | Identified the +1 leather armour "Poureaz" {Contam rPois
                  | Will+++ Int+2}
  5071 | D:5      | Found a runed translucent door.
  5072 | D:5      | Noticed Crazy Yiuf
  5082 | D:5      | Killed Crazy Yiuf
  5539 | D:5      | Noticed Edmund
  5557 | D:5      | HP: 2/52 [Edmund/+0 flail of protection (10)]
  5759 | D:5      | Reached XP level 8. HP: 58/58 MP: 11/14
  5869 | D:5      | Found a burning altar of Makhleb.
  5869 | D:5      | Found a hide-covered altar of Uskayaw.
  5979 | D:5      | Killed Edmund
  5980 | D:5      | Reached skill level 5 in Fire Magic
  6405 | D:6      | Reached skill level 1 in Maces & Flails
  6425 | D:6      | Noticed Maggie
  6438 | D:6      | Slain by Maggie

Illustrated notes

Levels and vault maps discovered:
D:1:      wander_arrival_desolate, layout_loops_ring,
          kennysheep_decorative_pillar, chequers_garden, minmay_tall_x
D:2:      layout_rooms, wad_floor_pattern_untrapped
D:3:      minmay_angry_zag, layout_basic, small_statue_alley_b,
          minmay_misc_feat_tower, supply_closet_lemuel
D:4:      layout_basic, mainiacjoe_overflow_tiny_flanked, temple_green,
          minmay_bisected, uniq_sigmund
D:5:      layout_cave_pods, lemuel_tele_altar, gammafunk_temple_overflow_wave,
          uniq_edmund, uniq_crazy_yiuf_cottage
D:6:      layout_rooms, serial_rivers, chequers_serial_rivers_room_a,
          chequers_serial_rivers_micro_d, chequers_serial_rivers_micro_a,
          chequers_serial_rivers_micro_c, chequers_serial_rivers_micro_e,
          ebering_ghost_rock_garden, uniq_maggie
Temple:   nicolae_temple_ecumenical_triangle

Skill      XL: |  1  2  3  4  5  6  7  8 |
---------------+-------------------------+-----
Fighting       | 1 2 3 |  3.5
Fire Magic     | 3 4 5 |  5.2
Conjurations   | 2 3 4 |  4.9
Spellcasting   | 3 4 |  4.9
Dodging        | 2 3 |  3.0
Evocations     | 2 |  2.9
Maces & Flails | 1 |  1.1
Stealth        | |  1.7

Action                   |  1- 3 |  4- 6 |  7- 9 || total
-------------------------+-------+-------+-------++-------
Melee: Flail             |    19 |    29 |     7 ||    55
       Tailslap          |     1 |       |     3 ||     4
       Mace              |       |       |    46 ||    46
 Cast: Foxfire           |    75 |    34 |    56 ||   165
       Scorch            |       |    23 |    33 ||    56
Evoke: Wand              |       |       |     4 ||     4
  Use: Scroll            |     9 |     5 |     7 ||    21
       Potion            |       |     1 |     3 ||     4
 Stab: Paralysed         |       |       |     4 ||     4
Armor: Robe              |     7 |    21 |    28 ||    56
Dodge: Dodged            |    40 |    89 |    91 ||   220

Table legend: (Time is in decaauts)
 A = Elapsed time spent in this place.
 B = Non-inter-level travel time spent in this place.
 C = Inter-level travel time spent in this place.
 D = Time resting spent in this place.
 E = Time spent auto-exploring this place.
 F = Levels seen in this place.
 G = Mean time per level.
                   A        B        C        D        E       F      G
               +--------+--------+--------+--------+--------+-----+--------+
         Total |   6477 |   6244 |    233 |   1360 |   3859 |   7 |  925.3 |
       Dungeon |   6434 |   6209 |    225 |   1360 |   3828 |   6 | 1072.3 |
        Temple |     43 |     36 |      7 |      0 |     31 |   1 |   43.0 |
               +--------+--------+--------+--------+--------+-----+--------+

Top non-repeatable levels by time:
     D:5: 1625 daAuts
     D:3: 1362 daAuts
     D:4: 1348 daAuts
     D:1: 1157 daAuts
     D:2: 673 daAuts
     D:6: 268 daAuts
  Temple: 43 daAuts
